Map: Romanticide LE

Players

HeroMarine - Winner!

  • Race: Terran Terran

herO

  • Race: Protoss Protoss

Event: ASUS ROG Fall 2021

VOD

Have the link to the VOD?

Description

Time

  • Played on: Sept. 17, 2021, 8:19 a.m.
  • Length: 10:13

All games in this series

Show
View Real Time Build Order
Export as new Build Order

HeroMarine Terran - Winner!

Build Orders: Reaper Expand 

Get SALT Encoding   

  12  0:00  SCV  
  13  0:12  SCV  
  14  0:17  Supply Depot  
  14  0:24  SCV  
  15  0:39  SCV  
  15  0:41  Barracks  
  16  0:43  Refinery  
  16  0:51  SCV  
  17  1:03  SCV  
  18  1:15  SCV  
  19  1:28  Reaper, Orbital Command  
  20  1:40  Command Center  
  20  1:49  Supply Depot  
  20  1:53  SCV  
  21  2:00  Marine  
  22  2:06  SCV  
  23  2:09  Factory  
  23  2:15  Refinery  
  23  2:18  SCV  
  23  2:20  Barracks Reactor  
  24  2:30  SCV  
  25  2:42  SCV  
  26  2:52  Orbital Command  
  26  2:54  Widow Mine  
  26  2:55  SCV, Starport  
  26  2:58  Marine x2  
  31  3:07  SCV  
  32  3:15  Marine, Factory Tech Lab  
  32  3:16  Marine  
  32  3:17  SCV  
  32  3:19  SCV  
  35  3:23  Supply Depot  
  35  3:31  SCV, Medivac  
  35  3:32  SCV  
  35  3:33  Marine x2  
  41  3:35  Cyclone  
  44  3:43  SCV  
  44  3:44  SCV, Supply Depot  
  46  3:51  Marine x2  
  48  3:55  SCV  
  48  3:56  SCV  
  48  4:01  Viking  
  52  4:08  SCV x2  
  52  4:09  Marine x2  
  56  4:10  Supply Depot  
  56  4:12  Siege Tank  
  59  4:20  SCV x2  
  59  4:23  Supply Depot  
  61  4:27  Marine  
  62  4:32  Marine, SCV x2  
  62  4:36  Starport Tech Lab  
  65  4:44  Marine, SCV x2  
  68  4:46  Command Center  
  68  4:48  Cyclone  
  68  4:50  Marine  
  68  4:56  SCV x2  
  68  4:59  Viking  
  68  5:02  Marine  
  67  5:07  Marine  
  67  5:08  SCV x2  
  67  5:09  Barracks  
  67  5:12  Engineering Bay  
  70  5:15  Refinery, Barracks  
  70  5:20  Marine, SCV x2  
  73  5:23  Siege Tank  
  73  5:25  Marine  
  77  5:33  SCV  
  78  5:35  Supply Depot  
  78  5:38  Marine, SCV  
  78  5:41  Terran Infantry Weapons Level 1  
  80  5:43  Marine, Barracks  
  80  5:45  SCV  
  80  5:46  Barracks  
  80  5:48  Refinery  
  82  5:56  Marine, Missile Turret  
  85  5:59  Siege Tank  
  85  6:01  Marine  
  85  6:02  Orbital Command  
  85  6:03  Barracks Tech Lab  
  87  6:05  Missile Turret  
  87  6:06  SCV  
  87  6:07  SCV  
  87  6:10  Stimpack  
  89  6:12  Starport Reactor  
  89  6:13  Marine  
  89  6:16  Marine  
  91  6:19  Marine, SCV  
  91  6:22  Marine, Orbital Command, Combat Shield  
  94  6:29  SCV  
  94  6:31  Marine  
  94  6:32  SCV, Supply Depot  
  97  6:33  Supply Depot  
  97  6:38  Barracks Reactor, Barracks Tech Lab, Siege Tank  
  97  6:39  Marine  
  101  6:43  SCV  
  101  6:44  SCV, Missile Turret  
  103  6:47  Marine x2  
  103  6:51  SCV  
  103  6:53  Marine  
  107  6:55  SCV  
  107  6:56  Marine, SCV  
  107  6:57  Medivac x2  
  115  7:02  Supply Depot  
  115  7:04  SCV  
  115  7:05  Bunker  
  115  7:07  SCV  
  115  7:08  SCV  
  118  7:10  Marine  
  118  7:12  Marauder x3  
  124  7:17  SCV  
  124  7:22  Supply Depot x2, SCV  
  125  7:23  Refinery  
  125  7:24  Siege Tank  
  125  7:28  Refinery, SCV  
  127  7:30  SCV  
  127  7:32  Medivac  
  127  7:35  Medivac  
  127  7:36  Marine  
  133  7:37  Marine  
  133  7:42  Supply Depot  
  133  7:43  Marine x2  
  133  7:44  Supply Depot, Marauder x2  
  139  7:45  Marauder  
  139  7:51  SCV x2  
  144  7:57  Concussive Shells  
  146  8:01  Viking  
  146  8:05  Marine x4, Viking, Marauder x2  
  152  8:10  Siege Tank, Marauder  
  160  8:15  Supply Depot  
  160  8:16  Supply Depot  
  160  8:17  Terran Infantry Armor Level 1  
  160  8:21  Supply Depot  
  160  8:26  Marine, Marauder x2  
  165  8:36  Marine x2  
  165  8:37  Marauder  
  165  8:39  Supply Depot  
  169  8:42  Viking x2  
  156  8:50  Marauder x2  
  145  8:58  Marauder  
  145  8:59  Siege Tank  
  146  9:09  Command Center  
  146  9:10  Armory, Engineering Bay  
  146  9:12  Viking x2, Marauder  
  146  9:13  Marine  
  146  9:15  Marauder  
  146  9:16  Marine  
  156  9:17  Marine  
  156  9:20  Marine  
  160  9:24  Marauder  
  160  9:33  Marauder  
  160  9:35  Starport  
  160  9:37  Marauder  
  164  9:39  Marine x4  
  164  9:45  Marauder  
  165  10:05  Factory Reactor  
Show
View Real Time Build Order
Export as new Build Order

herO Protoss 

Build Orders: 1 Gate Expand, Phoenix Opening, Colossus Rush 

Get SALT Encoding   

  12  0:00  Probe  
  13  0:12  Probe  
  14  0:17  Pylon  
  14  0:24  Probe (Chrono Boost)  
  15  0:29  Assimilator  
  15  0:36  Probe (Chrono Boost)  
  16  0:44  Probe (Chrono Boost)  
  16  0:46  Gateway  
  17  0:51  Probe  
  18  1:03  Probe  
  19  1:15  Probe  
  20  1:23  Nexus  
  20  1:34  Cybernetics Core  
  20  1:36  Probe  
  21  1:41  Assimilator  
  21  1:48  Probe  
  21  1:51  Pylon  
  22  2:00  Probe  
  23  2:07  Stalker (Chrono Boost)  
  23  2:15  Probe  
  26  2:16  Stargate  
  26  2:17  Warp Gate  
  26  2:27  Probe (Chrono Boost)  
  27  2:30  Stalker  
  27  2:36  Probe (Chrono Boost)  
  30  2:39  Probe (Chrono Boost)  
  31  2:46  Probe (Chrono Boost)  
  31  2:47  Probe (Chrono Boost)  
  31  2:51  Probe (Chrono Boost)  
  33  2:53  Probe  
  35  2:59  Phoenix  
  35  3:03  Probe  
  35  3:05  Probe  
  39  3:08  Assimilator  
  39  3:15  Probe  
  39  3:16  Assimilator  
  39  3:17  Probe  
  39  3:18  Pylon  
  41  3:24  Phoenix  
  43  3:29  Robotics Facility  
  43  3:31  Probe  
  43  3:32  Probe  
  45  3:43  Probe (Chrono Boost)  
  45  3:45  Probe (Chrono Boost)  
  47  3:49  Phoenix  
  47  3:53  Pylon  
  47  3:55  Probe (Chrono Boost)  
  51  3:57  Probe (Chrono Boost)  
  51  4:01  Probe (Chrono Boost)  
  51  4:02  Probe (Chrono Boost)  
  52  4:04  Shield Battery  
  53  4:10  Probe  
  53  4:11  Pylon, Probe  
  53  4:14  Phoenix  
  53  4:16  Sentry  
  60  4:17  Observer (Chrono Boost)  
  60  4:22  Probe  
  60  4:23  Probe  
  62  4:29  Pylon  
  62  4:30  Observer (Chrono Boost)  
  62  4:32  Robotics Bay  
  62  4:38  Gateway  
  63  4:39  Phoenix  
  64  4:56  Probe x2  
  64  4:59  Gateway  
  66  5:06  Phoenix  
  68  5:10  Observer (Chrono Boost)  
  68  5:12  Pylon  
  69  5:17  Sentry  
  71  5:27  Colossus (Chrono Boost)  
  77  5:30  Nexus  
  77  5:34  Pylon  
  77  5:37  Probe x2  
  77  5:41  Extended Thermal Lance  
  81  5:52  Twilight Council  
  81  5:54  Forge  
  81  5:55  Probe  
  81  5:56  Probe  
  81  5:57  Sentry  
  81  6:02  Pylon  
  81  6:03  Zealot  
  85  6:05  Zealot  
  87  6:12  Colossus (Chrono Boost)  
  93  6:21  Pylon, Probe  
  93  6:22  Probe  
  93  6:24  Protoss Ground Weapons Level 1 (Chrono Boost)  
  95  6:26  Forge  
  95  6:28  Observer  
  95  6:31  Observer  
  95  6:33  Shield Battery  
  95  6:36  Probe x2 (Chrono Boost)  
  97  6:40  Assimilator  
  97  6:44  Assimilator  
  97  6:46  Probe x2 (Chrono Boost)  
  100  6:47  Probe (Chrono Boost)  
  103  6:54  Probe x2 (Chrono Boost)  
  103  6:55  Protoss Ground Armor Level 1 (Chrono Boost), Probe (Chrono Boost)  
  103  6:58  Colossus (Chrono Boost)  
  103  7:00  Probe  
  109  7:02  Probe x2  
  109  7:05  Charge  
  109  7:06  Gateway  
  112  7:13  Gateway  
  111  7:16  Probe x2  
  111  7:17  Probe  
  111  7:19  Observer  
  111  7:20  Gateway  
  111  7:21  Observer  
  114  7:28  Shield Battery  
  114  7:30  Photon Cannon  
  114  7:33  Templar Archives  
  114  7:35  Gateway  
  114  7:46  Gateway  
  114  7:47  Gateway  
  114  7:49  Colossus (Chrono Boost)  
  120  7:52  Gateway  
  120  7:54  Pylon  
  120  7:55  Pylon  
  120  8:00  Shield Battery, Photon Cannon  
  120  8:06  Gravitic Boosters  
  120  8:07  Zealot x2  
  124  8:15  Psionic Storm  
  124  8:16  Pylon x2  
  124  8:26  High Templar x4  
  132  8:27  Zealot x2  
  132  8:30  Archon  
  132  8:31  Archon  
  136  8:34  Pylon  
  136  8:37  Zealot  
  136  8:40  Pylon  
  138  8:41  Pylon  
  92  8:58  Warp Prism (Chrono Boost)  
  84  9:03  Gravitic Drive, Stalker  
  84  9:04  Observer, Stalker x4, Zealot  
  84  9:05  Observer  
  96  9:15  Zealot x3  
  102  9:19  Sentry  
  102  9:21  Shield Battery  
  104  9:29  Disruptor  
  107  9:32  Zealot x4  
  113  9:44  Stalker x4  
  109  9:48  Zealot  
  109  9:49  Zealot  
  76  10:00  Zealot x3  
  76  10:01  Zealot  
Tags
 
Add a new tag
Caveats
  • Supply blocks, unpowered buildings, or Contaminate may cause inaccurate times.
  • Supply counts are checked every 10 seconds.